Map: Dusty Gorge

Players

Ljemicus - Winner!

  • Race: Protoss Protoss
  • League: Platinum
  • Spawn Location: 5:00

trole - Winner!

  • Race: Zerg Zerg
  • League: Gold
  • Spawn Location: 3:00

Massa

  • Race: Terran Terran
  • League: Gold
  • Spawn Location: 11:00

qqq

  • Race: Zerg Zerg
  • League: Platinum
  • Spawn Location: 9:00

VOD

Have the link to the VOD?

Description

Time

  • Played on: May 12, 2020, 3:21 p.m.
  • Length: 11:11
Show
View Real Time Build Order
Export as new Build Order

Ljemicus Protoss - Winner!

Build Orders: 1 Gate Expand 

Get SALT Encoding   

  12  0:01  Probe  
  13  0:13  Probe  
  14  0:25  Probe, Pylon  
  15  0:43  Probe (Chrono Boost)  
  15  0:49  Gateway  
  16  0:54  Assimilator  
  16  0:55  Probe (Chrono Boost)  
  17  1:00  Probe (Chrono Boost)  
  18  1:09  Probe (Chrono Boost)  
  20  1:19  Probe (Chrono Boost)  
  20  1:24  Probe (Chrono Boost)  
  21  1:37  Probe, Nexus  
  22  1:46  Cybernetics Core  
  22  1:52  Pylon  
  22  1:57  Assimilator  
  22  2:00  Probe  
  23  2:12  Gateway  
  23  2:16  Zealot (Chrono Boost)  
  25  2:25  Warp Gate  
  25  2:30  Robotics Facility  
  25  2:40  Adept (Chrono Boost)  
  27  2:55  Twilight Council  
  27  2:57  Probe  
  27  2:58  Probe  
  29  3:01  Adept  
  29  3:04  Adept  
  33  3:20  Warp Prism  
  35  3:31  Adept  
  35  3:33  Resonating Glaives (Chrono Boost)  
  37  3:44  Gateway  
  37  3:48  Probe  
  38  3:49  Pylon  
  38  3:51  Probe  
  39  4:17  Stalker x2  
  41  4:38  Warp Prism  
  39  4:45  Gateway  
  41  4:47  Gateway  
  41  4:51  Pylon  
  41  4:56  Pylon  
  41  5:05  Adept  
  41  5:06  Adept x2  
  41  5:33  Stalker x3  
  35  6:00  Adept x4  
  35  6:19  Adept  
  35  6:20  Adept x3  
  43  6:31  Adept  
  39  6:45  Adept x2  
  39  6:46  Adept x2  
  41  6:58  Adept  
  41  7:08  Stalker x2  
  41  7:20  Stalker x2  
  29  7:36  Probe (Chrono Boost)  
  29  7:37  Probe (Chrono Boost)  
  29  7:46  Probe x2 (Chrono Boost)  
  29  7:51  Probe x2 (Chrono Boost), Dark Shrine  
  33  8:02  Probe x2  
  35  8:10  Warp Prism  
  37  8:14  Probe (Chrono Boost)  
  37  8:15  Probe (Chrono Boost)  
  39  8:21  Assimilator  
  39  8:25  Probe x2 (Chrono Boost), Assimilator  
  41  8:29  Probe x2 (Chrono Boost)  
  41  8:32  Pylon  
  43  8:41  Probe x2  
  45  8:53  Probe  
  46  9:03  Dark Templar  
  46  9:04  Dark Templar x4  
  52  10:05  Dark Templar x2  
  52  10:06  Dark Templar x3  
  62  10:40  Zealot  
  62  10:41  Zealot x4  
  46  11:06  Stalker  
  46  11:07  Stalker x4  
Show
View Real Time Build Order
Export as new Build Order

trole Zerg - Winner!

Build Orders: Hatch First 

Get SALT Encoding   

  12  0:01  Drone  
  13  0:12  Overlord  
  13  0:18  Drone  
  14  0:31  Drone x2  
  14  0:35  Drone  
  17  0:54  Hatchery  
  17  0:57  Drone  
  17  1:00  Drone  
  18  1:10  Extractor  
  17  1:16  Spawning Pool  
  16  1:19  Drone  
  16  1:22  Drone  
  18  1:28  Drone  
  19  1:40  Drone  
  20  1:50  Drone  
  21  2:01  Overlord  
  21  2:06  Queen  
  21  2:07  Queen  
  25  2:09  Drone  
  25  2:15  Metabolic Boost  
  26  2:17  Drone  
  26  2:18  Drone  
  28  2:29  Drone x2  
  30  2:35  Zergling x2  
  31  2:38  Overlord  
  31  2:51  Zergling x4  
  33  2:57  Zergling x2  
  34  3:05  Zergling x4  
  36  3:16  Zergling x4  
  38  3:25  Zergling x10  
  44  3:27  Zergling x2  
  44  3:28  Overlord  
  44  3:44  Overlord  
  44  3:45  Overlord  
  44  3:47  Drone x2  
  46  3:53  Zergling x2  
  46  3:54  Zergling x6  
  46  3:55  Hatchery  
  45  4:06  Zergling x8  
  39  4:14  Zergling x2  
  28  4:22  Zergling x4  
  20  4:27  Zergling x2  
  20  4:40  Drone x6  
  26  4:55  Drone x2  
  28  5:00  Overlord  
  28  5:10  Zergling x4  
  29  5:16  Zergling x2  
  29  5:17  Zergling x2  
  25  5:32  Zergling x6  
  26  5:41  Zergling x2  
  18  5:58  Zergling x18  
  24  6:11  Zergling x2  
  24  6:12  Zergling x2  
  25  6:25  Zergling x6  
  20  6:26  Zergling x2  
  21  6:38  Zergling x2  
  21  6:39  Zergling x2  
  22  6:58  Zergling x10  
  27  7:07  Drone x2  
  27  7:08  Drone  
  30  7:17  Zergling x4  
  32  7:36  Zergling x2  
  32  7:37  Zergling x8  
  35  8:00  Zergling x8  
  35  8:01  Zergling x6  
  42  8:10  Drone  
  42  8:11  Drone  
  43  8:19  Drone  
  36  8:20  Drone  
  36  8:21  Drone  
  37  8:28  Spine Crawler  
  37  8:29  Drone  
  37  8:30  Drone  
  38  8:37  Drone  
  38  8:40  Drone x2  
  41  8:50  Drone  
  41  8:51  Drone x2  
  44  9:02  Zergling x6  
  34  9:31  Drone  
  34  9:32  Drone x8  
  42  9:50  Extractor  
  42  9:51  Drone x3  
  44  10:01  Zergling x2  
  44  10:02  Zergling x8  
  49  10:09  Lair  
  49  10:11  Drone x4  
  51  10:22  Zergling x2  
  51  10:23  Zergling x6  
  55  10:30  Zergling x6  
  56  10:54  Drone x5  
  56  10:55  Drone  
Show
View Real Time Build Order
Export as new Build Order

Massa Terran 

Build Orders: 2 Factory, Hellion Opening 

Get SALT Encoding   

  12  0:11  Supply Depot  
  12  0:13  SCV  
  13  0:25  SCV  
  14  0:35  Barracks  
  14  0:37  SCV  
  15  0:49  Supply Depot  
  15  0:51  SCV  
  16  0:59  Refinery  
  16  1:03  SCV  
  17  1:10  Refinery  
  17  1:20  SCV  
  17  1:24  Marine  
  19  1:32  SCV  
  20  1:41  Marine  
  20  1:44  SCV  
  22  1:53  Factory  
  22  1:57  SCV  
  23  2:06  Barracks Reactor  
  23  2:09  SCV  
  24  2:15  Supply Depot  
  24  2:22  Orbital Command  
  24  2:37  Factory  
  24  2:53  Hellion x2  
  24  2:57  Marine  
  29  3:10  SCV  
  30  3:14  Hellion x2, Marine  
  35  3:22  SCV  
  35  3:24  Factory Tech Lab  
  36  3:29  Supply Depot  
  36  3:36  Hellion  
  38  3:46  Supply Depot  
  38  3:51  Hellion, Siege Tank  
  43  4:08  Engineering Bay  
  34  4:33  Siege Tank  
  34  4:35  Hellion x2  
  38  4:40  Barracks Tech Lab  
  38  4:42  Barracks Reactor  
  38  4:56  Hellion x2  
  42  5:05  Hellion  
  42  5:41  Marine x2  
  38  5:45  Siege Tank  
  38  5:49  Hellion x2  
  45  5:59  Marine x2  
  44  6:10  Hellion x2  
  48  6:17  Siege Tank  
  48  6:31  Hellion x2  
  52  6:49  Hellion  
  52  6:52  Marine x2  
  52  7:10  Marine x2  
  38  7:28  Marine x2  
  39  7:39  Hellion  
  39  7:40  Hellion  
  39  7:41  Siege Tank  
  46  7:46  Marine x2  
  48  8:01  Hellion x2  
  48  8:04  Marine x2, Command Center  
  54  8:16  Siege Tank  
  54  8:19  Supply Depot  
  52  8:21  Marine  
  52  8:22  Marine  
  52  8:26  Supply Depot  
  54  8:38  Terran Infantry Weapons Level 1  
  54  8:43  Supply Depot  
  54  8:48  SCV  
  55  8:50  Supply Depot  
  55  9:00  SCV  
  56  9:09  Supply Depot  
  56  9:12  SCV  
  50  9:24  SCV  
  49  9:34  Supply Depot  
  37  10:00  Missile Turret  
  37  10:08  Marine x2  
  37  10:12  Siege Tank  
  37  10:14  Hellion x2  
  46  10:26  Marine x2  
  46  10:35  Hellion x2  
  48  10:44  Marine x2  
Show
View Real Time Build Order
Export as new Build Order

qqq Zerg 

Build Orders: Hatch First 

Get SALT Encoding   

  12  0:02  Drone  
  13  0:12  Drone  
  14  0:39  Hatchery  
  13  0:52  Spawning Pool  
  12  1:00  Overlord  
  12  1:05  Drone  
  12  1:09  Drone  
  14  1:20  Extractor, Drone  
  14  1:28  Drone  
  15  1:34  Drone  
  15  1:39  Queen  
  18  1:45  Drone  
  19  1:51  Drone  
  20  1:59  Queen  
  22  2:06  Drone  
  22  2:08  Zergling x2  
  24  2:12  Zergling x2  
  25  2:18  Overlord  
  26  2:22  Drone  
  26  2:29  Metabolic Boost  
  26  2:32  Zergling x2  
  27  2:38  Drone  
  27  2:39  Zergling x2  
  27  2:42  Zergling x2  
  30  2:48  Zergling x2  
  31  2:52  Zergling x2  
  31  2:56  Zergling x2  
  31  2:57  Zergling x2  
  34  3:06  Zergling x2, Evolution Chamber  
  34  3:09  Drone  
  34  3:10  Zergling x2  
  36  3:17  Overlord  
  36  3:22  Overlord  
  36  3:36  Zergling x8  
  36  3:38  Drone  
  36  3:39  Zergling x2  
  42  3:46  Zergling x2  
  42  3:47  Zergling x2  
  45  3:48  Drone  
  45  3:54  Zergling x4  
  46  4:04  Zergling x2  
  46  4:05  Zergling x2  
  47  4:12  Zergling x4  
  47  4:16  Zergling x6  
  49  4:17  Zergling x4  
  38  4:35  Zergling x8  
  38  4:36  Zergling x2  
  43  4:40  Zergling x2  
  44  4:46  Zerg Melee Weapons Level 1  
  44  4:48  Zergling x2  
  44  4:52  Zergling x2  
  46  4:53  Drone  
  46  4:59  Zergling x4  
  49  5:06  Zergling x2  
  51  5:07  Zergling x4  
  46  5:22  Zergling x6  
  46  5:23  Zergling x6  
  46  5:24  Zergling x2  
  43  5:38  Zergling x4  
  43  5:39  Zergling x4  
  41  5:52  Zergling x4  
  38  6:15  Queen  
  38  6:16  Zergling x2  
  38  6:17  Zergling x2  
  38  6:18  Zergling x4  
  38  6:31  Zergling x8  
  38  6:32  Drone x3  
  27  6:42  Queen  
  27  6:43  Zergling x2  
  27  6:45  Zergling x4  
  25  6:57  Queen  
  25  6:58  Zergling x4  
  25  6:59  Zergling x2  
  25  7:00  Zergling x2  
  24  7:12  Drone  
  24  7:13  Zergling x2  
  22  7:28  Zergling x4  
  22  7:29  Zergling x4  
  25  7:34  Drone  
  26  7:46  Zergling x2  
  26  7:47  Zergling x2  
  28  7:53  Zergling x2  
  25  8:08  Zergling x8  
  25  8:09  Drone  
  27  8:14  Zergling x2  
  27  8:29  Zergling x2  
  27  8:31  Drone x2  
  27  8:33  Queen  
  32  8:37  Zergling x2  
  32  8:40  Drone  
  34  8:42  Hatchery  
  34  8:47  Drone  
  34  8:54  Drone x2  
  34  8:55  Drone  
  37  9:06  Zergling x4  
  39  9:17  Lair  
  38  9:28  Zergling x10  
  33  9:49  Drone x2  
  33  9:52  Zergling x4  
  36  10:11  Spore Crawler  
  29  10:15  Zergling x6  
  29  10:16  Drone x2, Zergling x2  
  29  10:17  Drone  
  29  10:18  Spore Crawler  
  33  10:23  Overseer  
  23  10:43  Overlord x2  
Tags
 
Add a new tag
Caveats
  • Supply blocks, unpowered buildings, or Contaminate may cause inaccurate times.
  • Supply counts are checked every 10 seconds.